Nordiques vs Flyers

Created - 2 avril 2024 at 09:02

Goals
1 2 3 T
Nordiques 0 0 1 1
Flyers 1 1 0 2
Shots
1 2 3 T
Nordiques 12 7 16 35
Flyers 21 7 10 38

GoalsPenalties
1st period
1. Flyers , Kevin Fiala 21 (Brock Faber 6, Dylan Cozens 34) at 14:36
Shayne Gostisbehere (QUE) for Holding (Minor) at 17:05
2nd period
2. Flyers , Joey Anderson 7 (Wyatt Johnston 14) at 16:54
Kirby Dach (QUE) for High sticking (Minor) at 5:36
3rd period
3. Nordiques , Paul Stastny 10 (Pius Suter 13) at 0:20
Ryan Lindgren (QUE) for Slashing (Minor) at 5:47
Goalie Stats
Semyon Varlamov (QUE), 36 saves from 38 shots - (0,947), L, 27-18-3, 59:08 minutes
Juuse Saros (PHI), 34 saves from 35 shots - (0,971), W, 38-12-5, 60:00 minutes
3 StarsOfficial
1 - Juuse Saros (PHI)
2 - Semyon Varlamov (QUE)
3 - Brock Faber (PHI)
Referees : Brian Pochmara and Justin Kea
Linesman : Luke Murray and Brian Murphy
Game Note
No Game Note
Finance
Level 1 -- Attendance: 5783 (96,38%) -- Ticket Income $549,385
Level 2 -- Attendance: 5000 (100,00%) -- Ticket Income $270,000
Level 3 -- Attendance: 2000 (100,00%) -- Ticket Income $66,000
Level 4 -- Attendance: 4000 (100,00%) -- Ticket Income $88,000
Luxury Box -- Attendance: 1000 (100,00%) -- Ticket Income $165,000
Game was played at the Spectrum.
Total Attendance: 17783 (98,79%)
Total Ticket Income: $1,138,385
Other Income: $557,809
Total Income: $1,696,194



Team Name Goals Shots Shots Attemp Shots Blocked PIM HIT PP PK FO%
Nordiques 13575166190 / 0 (0,00%049%
Flyers 23881190250 / 3 (0%)051%

Nordiques
Player Name POS G A P +/- PIM HIT SHT SB MP PP MP PP SHT PK MP PK SHT FO% FOT GA TA
Alex NewhookC/LW000-1005013:480:0000:0000% 010
Alexander WennbergC/LW/RW000-1011016:590:0003:02050% 200
Cole SmithLW0001010113:300:0000:0000% 000
Joel FarabeeLW0000020111:460:0000:0000% 100
Kirby DachC/RW000-1215113:480:0000:0000% 010
Lucas RaymondLW/RW0000000011:460:0000:0000% 000
Marco RossiC000-1005017:450:0002:55067% 1810
Martin FehervaryD0000021121:290:0003:0600% 002
Mattias EkholmD000-1012021:270:0002:5100% 000
Nicklas BackstromC0000003111:460:0000:0000% 200
Paul ByronC/LW/RW000-1023117:450:0002:55150% 410
Paul StastnyC/LW1011005113:300:0000:00050% 1210
Pius SuterC/RW0111020013:300:0000:0000% 111
Ryan LindgrenD0000200118:080:0000:5000% 001
Sebastian AhoC/LW/RW000-1021116:590:0003:02043% 2120
Shayne GostisbehereD000-1221421:310:0002:0100% 001
Simon BenoitD0000011217:040:0000:0000% 001
Travis SanheimD0000022121:290:0003:0600% 001
Flyers
Player Name POS G A P +/- PIM HIT SHT SB MP PP MP PP SHT PK MP PK SHT FO% FOT GA TA
Aaron EkbladD000-1023324:144:0310:0000% 000
Brock FaberD0112011318:461:5400:0000% 001
Calle JarnkrokC/LW/RW0000000113:260:0000:00050% 200
Dylan CozensC/LW/RW0110012016:202:1700:0000% 000
Gabriel VilardiC/LW/RW0000010013:480:0800:0000% 211
Joey AndersonRW1011002010:320:0000:0000% 120
John MarinoD0000010117:000:0000:0000% 001
John-Jason PeterkaC/LW/RW0001010110:320:0000:0000% 000
Kaiden GuhleD0002010215:470:0000:0000% 002
Kevin FialaLW/RW1010006116:202:1700:00050% 210
Leon DraisaitlC/LW0000015019:233:3520:00052% 2500
Logan CoutureC/LW0000032216:572:1700:00069% 1300
MacKenzie WeegarD000-1051223:374:0300:0000% 000
Noah HanifinD0000013220:361:5400:0000% 002
Patrick KaneLW/RW0000004019:023:3700:000100% 130
Scott LaughtonC/LW/RW0000045013:260:0000:00030% 1000
Travis KonecnyLW/RW0000032119:233:3510:000100% 101
Wyatt JohnstonC0111002010:510:0500:00050% 400

Nordiques

5 vs 5 Forward
Line #Left WingCenterRight WingPHYDFOFWanted %Time %Time Play
1Alexander WennbergSebastian AhoKirby Dach0232525%13:20
2Joel FarabeeNicklas BackstromLucas Raymond0232524%13:02
3Alex NewhookMarco RossiPaul Byron0232525%13:34
4Cole SmithPaul StastnyPius Suter0232525%13:30
5 vs 5 Defense
Line #DefenseDefensePHYDFOFWanted %Time %Time Play
1Mattias EkholmShayne Gostisbehere0233434%18:12
2Travis SanheimMartin Fehervary0233333%17:38
3Ryan LindgrenSimon Benoit0233332%17:04
4Mattias EkholmShayne Gostisbehere02301%0:32
Power Play Forward
Line #Left WingCenterRight WingPHYDFOFWanted %Time %Time Play
1Alexander WennbergSebastian AhoKirby Dach023500%0:00
2Joel FarabeeNicklas BackstromLucas Raymond023500%0:00
Power Play Defense
Line #DefenseDefensePHYDFOFWanted %Time %Time Play
1Mattias EkholmShayne Gostisbehere023500%0:00
2Travis SanheimMartin Fehervary023500%0:00
Penalty Kill 4 Players Forward
Line #CenterWingPHYDFOFWanted %Time %Time Play
1Sebastian AhoAlexander Wennberg0235051%3:02
2Marco RossiPaul Byron0235049%2:55
Penalty Kill 4 Players Defense
Line #DefenseDefensePHYDFOFWanted %Time %Time Play
1Travis SanheimMartin Fehervary0235052%3:06
2Mattias EkholmShayne Gostisbehere0235048%2:51
Penalty Kill 3 Players
Line #WingPHYDFOFWanted %Time %Time PlayDefenseDefensePHYDFOFWanted %Time %Time Play
1Sebastian Aho023500%0:00 Travis SanheimMartin Fehervary023500%0:00
2Alexander Wennberg023500%0:00 Mattias EkholmShayne Gostisbehere023500%0:00
4 vs 4 Forward
Line #CenterWingPHYDFOFWanted %Time %Time Play
1Sebastian AhoAlexander Wennberg023500%0:00
2Nicklas BackstromLucas Raymond023500%0:00
4 vs 4 Defense
Line #DefensePHYDFOFWanted %Time %Time Play
1Mattias EkholmShayne Gostisbehere023500%0:00
2Travis SanheimMartin Fehervary023500%0:00
Last Minutes Offensive
Left WingCenterRight WingDefenseDefense
Alexander WennbergSebastian AhoKirby DachMattias EkholmShayne Gostisbehere
Last Minutes Defensive
Left WingCenterRight WingDefenseDefense
Alexander WennbergSebastian AhoKirby DachMattias EkholmShayne Gostisbehere
Time
Total ForwardTotal DefenseLast Minutes OffensiveLast Minutes Defensive
60:00 60:00 0:370:00
Extra Forwards
Normal PowerPlayPenalty Kill
Marco Rossi, Alex Newhook, Paul ByronMarco Rossi, Alex NewhookPius Suter
Extra Defensemen
Normal PowerPlayPenalty Kill
Ryan Lindgren, Simon Benoit, Mattias EkholmRyan Lindgren, Ryan LindgrenSimon Benoit
Penalty Shots
Kirby Dach, Lucas Raymond, Pius Suter, Paul Byron, Alexander Wennberg
Goalie
Semyon Varlamov, Jaroslav Halak
Custom OT Lines Forwards
Sebastian Aho, Alexander Wennberg, Kirby Dach, Nicklas Backstrom, Lucas Raymond, Joel Farabee, Marco Rossi, Alex Newhook, Paul Byron, Paul Stastny
Custom OT Lines Defensemen
Mattias Ekholm, Shayne Gostisbehere, Travis Sanheim, Martin Fehervary, Ryan Lindgren
Scratches
Philippe Myers (Healthy), Artyom Anisimov (Sprained Right Knee Injury), Pavel Francouz (Healthy)

Flyers

5 vs 5 Forward
Line #Left WingCenterRight WingPHYDFOFWanted %Time %Time Play
1Travis KonecnyLeon DraisaitlPatrick Kane0323029%15:25
2Kevin FialaLogan CoutureDylan Cozens0322826%14:03
3Calle JarnkrokScott LaughtonGabriel Vilardi0322625%13:26
4John-Jason PeterkaWyatt JohnstonJoey Anderson0321620%10:32
5 vs 5 Defense
Line #DefenseDefensePHYDFOFWanted %Time %Time Play
1Aaron EkbladMacKenzie Weegar1313635%18:42
2John MarinoNoah Hanifin1313434%18:05
3Brock FaberKaiden Guhle0323030%15:47
4Aaron EkbladMacKenzie Weegar12202%0:52
Power Play Forward
Line #Left WingCenterRight WingPHYDFOFWanted %Time %Time Play
1Patrick KaneLeon DraisaitlTravis Konecny0055562%3:40
2Kevin FialaLogan CoutureDylan Cozens0054538%2:17
Power Play Defense
Line #DefenseDefensePHYDFOFWanted %Time %Time Play
1Aaron EkbladMacKenzie Weegar0235768%4:03
2Brock FaberNoah Hanifin0234332%1:54
Penalty Kill 4 Players Forward
Line #CenterWingPHYDFOFWanted %Time %Time Play
1Scott LaughtonCalle Jarnkrok050520%0:00
2Logan CoutureJoey Anderson050480%0:00
Penalty Kill 4 Players Defense
Line #DefenseDefensePHYDFOFWanted %Time %Time Play
1John MarinoNoah Hanifin050550%0:00
2Aaron EkbladBrock Faber050450%0:00
Penalty Kill 3 Players
Line #WingPHYDFOFWanted %Time %Time PlayDefenseDefensePHYDFOFWanted %Time %Time Play
1Logan Couture050530%0:00 John MarinoNoah Hanifin050550%0:00
2Scott Laughton050470%0:00 Aaron EkbladBrock Faber050450%0:00
4 vs 4 Forward
Line #CenterWingPHYDFOFWanted %Time %Time Play
1Leon DraisaitlTravis Konecny023550%0:00
2Logan CouturePatrick Kane023450%0:00
4 vs 4 Defense
Line #DefensePHYDFOFWanted %Time %Time Play
1Aaron EkbladMacKenzie Weegar032600%0:00
2John MarinoNoah Hanifin032400%0:00
Last Minutes Offensive
Left WingCenterRight WingDefenseDefense
Patrick KaneLeon DraisaitlKevin FialaAaron EkbladNoah Hanifin
Last Minutes Defensive
Left WingCenterRight WingDefenseDefense
Travis KonecnyLeon DraisaitlLogan CoutureAaron EkbladNoah Hanifin
Time
Total ForwardTotal DefenseLast Minutes OffensiveLast Minutes Defensive
60:00 60:00 0:000:37
Extra Forwards
Normal PowerPlayPenalty Kill
Gabriel Vilardi, Scott Laughton, Wyatt JohnstonGabriel Vilardi, Wyatt JohnstonKevin Fiala
Extra Defensemen
Normal PowerPlayPenalty Kill
Noah Hanifin, Kaiden Guhle, Brock FaberJohn Marino, MacKenzie WeegarKaiden Guhle
Penalty Shots
Logan Couture, Patrick Kane, Leon Draisaitl, Calle Jarnkrok, Noah Hanifin
Goalie
Juuse Saros, Casey DeSmith
Custom OT Lines Forwards
Leon Draisaitl, Travis Konecny, Patrick Kane, Dylan Cozens, Kevin Fiala, Scott Laughton, Logan Couture, Gabriel Vilardi, Calle Jarnkrok, Wyatt Johnston
Custom OT Lines Defensemen
Aaron Ekblad, Noah Hanifin, MacKenzie Weegar, John Marino, Brock Faber
Scratches
Jesper Boqvist (Healthy)


Play-by-Play

1st period


0:01 of 1st period - Sebastian Aho wins face-off versus Leon Draisaitl in neutral zone.
0:14 of 1st period - MacKenzie Weegar is hit by Kirby Dach.
0:26 of 1st period - MacKenzie Weegar is hit by Shayne Gostisbehere.
0:59 of 1st period - Snap shot by Marco Rossi.
0:59 of 1st period - Stopped by Juuse Saros with a rebound.
1:01 of 1st period - Snap shot by Marco Rossi.
1:01 of 1st period - Stopped by Juuse Saros with a rebound.
1:03 of 1st period - Slapshot by Ryan Lindgren.
1:03 of 1st period - Shot Blocked by Noah Hanifin.
1:13 of 1st period - Snap shot by Paul Stastny.
1:13 of 1st period - Deflect By Cole Smith.
1:13 of 1st period - Shot Blocked by Noah Hanifin.
1:13 of 1st period - Puck is out of play.
1:14 of 1st period - Wyatt Johnston wins face-off versus Paul Stastny in Flyers zone.
1:22 of 1st period - Snap shot by Paul Stastny.
1:22 of 1st period - Shot Blocked by Kaiden Guhle.
1:24 of 1st period - Slapshot by Martin Fehervary.
1:24 of 1st period - Shot Blocked by John-Jason Peterka.
1:26 of 1st period - Snap shot by Cole Smith.
1:26 of 1st period - Shot Blocked by Brock Faber.
1:28 of 1st period - Wrist shot by Pius Suter.
1:28 of 1st period - Shot Blocked by Kaiden Guhle.
2:07 of 1st period - Snap shot by Scott Laughton.
2:07 of 1st period - Stopped by Semyon Varlamov without a rebound.
2:08 of 1st period - Logan Couture wins face-off versus Joel Farabee in Nordiques zone.
2:11 of 1st period - Snap shot by Kevin Fiala.
2:11 of 1st period - Shot Blocked by Martin Fehervary.
2:35 of 1st period - MacKenzie Weegar is hit by Travis Sanheim and loses puck.
2:42 of 1st period - Slapshot by Shayne Gostisbehere.
2:42 of 1st period - Deflect By Paul Stastny.
2:42 of 1st period - Shot Blocked by Aaron Ekblad.
2:42 of 1st period - Puck is out of play.
2:43 of 1st period - Sebastian Aho wins face-off versus Scott Laughton in Flyers zone.
3:09 of 1st period - Paul Byron is hit by Leon Draisaitl and loses puck.
3:56 of 1st period - Off-side.
3:57 of 1st period - Wyatt Johnston wins face-off versus Nicklas Backstrom in neutral zone.
4:27 of 1st period - Wrist shot by Wyatt Johnston.
4:27 of 1st period - Shot Misses the Net.
4:29 of 1st period - Snap shot by John-Jason Peterka.
4:29 of 1st period - Shot Misses the Net.
4:31 of 1st period - Slapshot by Joey Anderson.
4:31 of 1st period - Stopped by Semyon Varlamov with a rebound.
5:07 of 1st period - Snap shot by Wyatt Johnston.
5:07 of 1st period - Shot Misses the Net.
5:17 of 1st period - Wrist shot by Wyatt Johnston.
5:17 of 1st period - Stopped by Semyon Varlamov without a rebound.
5:18 of 1st period - Marco Rossi wins face-off versus Gabriel Vilardi in Nordiques zone.
5:18 of 1st period - Marco Rossi is hit by Scott Laughton.
5:26 of 1st period - Snap shot by Gabriel Vilardi.
5:26 of 1st period - Shot Misses the Net.
5:28 of 1st period - Snap shot by Scott Laughton.
5:28 of 1st period - Shot Misses the Net.
5:30 of 1st period - Slapshot by Brock Faber.
5:30 of 1st period - Stopped by Semyon Varlamov with a rebound.
5:34 of 1st period - Snap shot by Scott Laughton.
5:34 of 1st period - Stopped by Semyon Varlamov without a rebound.
5:35 of 1st period - Leon Draisaitl wins face-off versus Sebastian Aho in Nordiques zone.
6:08 of 1st period - Slapshot by Logan Couture.
6:08 of 1st period - Shot Misses the Net.
7:00 of 1st period - Wrist shot by Marco Rossi.
7:00 of 1st period - Deflect By Alex Newhook.
7:00 of 1st period - Stopped by Juuse Saros with a rebound.
7:31 of 1st period - Snap shot by Patrick Kane.
7:31 of 1st period - Shot Misses the Net.
7:33 of 1st period - Slapshot by Aaron Ekblad.
7:33 of 1st period - Stopped by Semyon Varlamov with a rebound.
7:35 of 1st period - Snap shot by Travis Konecny.
7:35 of 1st period - Deflect By Sebastian Aho.
7:35 of 1st period - Stopped by Semyon Varlamov without a rebound.
7:36 of 1st period - Paul Stastny wins face-off versus Leon Draisaitl in Nordiques zone.
7:36 of 1st period - Paul Stastny is hit by Travis Konecny.
7:47 of 1st period - Off-side.
7:48 of 1st period - Marco Rossi wins face-off versus Logan Couture in neutral zone.
7:51 of 1st period - Slapshot by Alex Newhook.
7:51 of 1st period - Shot Misses the Net.
7:53 of 1st period - Wrist shot by Paul Byron.
7:53 of 1st period - Stopped by Juuse Saros without a rebound.
7:54 of 1st period - Marco Rossi wins face-off versus Kevin Fiala in Flyers zone.
7:59 of 1st period - Backhand shot by Alex Newhook.
7:59 of 1st period - Deflect By Logan Couture.
7:59 of 1st period - Shot Blocked by Logan Couture.
7:59 of 1st period - Puck is out of play.
8:00 of 1st period - Sebastian Aho wins face-off versus Scott Laughton in Flyers zone.
8:09 of 1st period - Wrist shot by Kirby Dach.
8:09 of 1st period - Shot Misses the Net.
9:25 of 1st period - Noah Hanifin is hit by Martin Fehervary and loses puck.
10:07 of 1st period - Wrist shot by Dylan Cozens.
10:07 of 1st period - Shot Misses the Net.
10:52 of 1st period - Wrist shot by Paul Stastny.
10:52 of 1st period - Stopped by Juuse Saros with a rebound.
11:10 of 1st period - Slapshot by Kevin Fiala.
11:10 of 1st period - Stopped by Semyon Varlamov with a rebound.
11:22 of 1st period - MacKenzie Weegar is hit by Joel Farabee and loses puck.
11:36 of 1st period - Off-side.
11:37 of 1st period - Travis Konecny wins face-off versus Marco Rossi in neutral zone.
11:51 of 1st period - Wrist shot by Marco Rossi.
11:51 of 1st period - Stopped by Juuse Saros without a rebound.
11:52 of 1st period - Kevin Fiala wins face-off versus Pius Suter in Flyers zone.
12:03 of 1st period - Wrist shot by Kevin Fiala.
12:03 of 1st period - Shot Blocked by Cole Smith.
12:05 of 1st period - Slapshot by Noah Hanifin.
12:05 of 1st period - Stopped by Semyon Varlamov with a rebound.
12:07 of 1st period - Slapshot by Noah Hanifin.
12:07 of 1st period - Shot Blocked by Paul Stastny.
12:09 of 1st period - Snap shot by Logan Couture.
12:09 of 1st period - Stopped by Semyon Varlamov with a rebound.
12:19 of 1st period - Travis Konecny is hit by Mattias Ekholm.
12:47 of 1st period - Mattias Ekholm is hit by Scott Laughton.
12:59 of 1st period - Snap shot by Wyatt Johnston.
12:59 of 1st period - Stopped by Semyon Varlamov with a rebound.
13:01 of 1st period - Snap shot by Wyatt Johnston.
13:01 of 1st period - Shot Misses the Net.
13:03 of 1st period - Slapshot by MacKenzie Weegar.
13:03 of 1st period - Shot Blocked by Simon Benoit.
13:05 of 1st period - Snap shot by Joey Anderson.
13:05 of 1st period - Shot Blocked by Joel Farabee.
13:27 of 1st period - Slapshot by Patrick Kane.
13:27 of 1st period - Stopped by Semyon Varlamov with a rebound.
13:29 of 1st period - Wrist shot by Travis Konecny.
13:29 of 1st period - Shot Misses the Net.
13:42 of 1st period - Icing by Kaiden Guhle.
13:43 of 1st period - Logan Couture wins face-off versus Sebastian Aho in Flyers zone.
13:50 of 1st period - Snap shot by Kevin Fiala.
13:50 of 1st period - Deflect By Sebastian Aho.
13:50 of 1st period - Stopped by Semyon Varlamov with a rebound.
13:56 of 1st period - Brock Faber is hit by Sebastian Aho and loses puck.
14:01 of 1st period - Wrist shot by Kirby Dach.
14:01 of 1st period - Stopped by Juuse Saros with a rebound.
14:09 of 1st period - Wrist shot by Kirby Dach.
14:09 of 1st period - Shot Misses the Net.
14:15 of 1st period - Alexander Wennberg is hit by Logan Couture and loses puck.
14:24 of 1st period - Snap shot by Dylan Cozens.
14:24 of 1st period - Deflect By Logan Couture.
14:24 of 1st period - Stopped by Semyon Varlamov with a rebound.
14:26 of 1st period - Slapshot by Brock Faber.
14:26 of 1st period - Shot Blocked by Shayne Gostisbehere.
14:28 of 1st period - Slapshot by Dylan Cozens.
14:28 of 1st period - Stopped by Semyon Varlamov with a rebound.
14:30 of 1st period - Snap shot by Logan Couture.
14:30 of 1st period - Shot Misses the Net.
14:32 of 1st period - Wrist shot by Dylan Cozens.
14:32 of 1st period - Deflect By Kevin Fiala.
14:32 of 1st period - Stopped by Semyon Varlamov with a rebound.
14:36 of 1st period - Snap shot by Kevin Fiala.
14:36 of 1st period - Goal by Kevin Fiala - Nordiques : 0 - Flyers : 1.
14:37 of 1st period - Paul Byron wins face-off versus Calle Jarnkrok in neutral zone.
14:40 of 1st period - Wrist shot by Alex Newhook.
14:40 of 1st period - Shot Blocked by John Marino.
15:11 of 1st period - Snap shot by Leon Draisaitl.
15:11 of 1st period - Stopped by Semyon Varlamov with a rebound.
15:13 of 1st period - Snap shot by Leon Draisaitl.
15:13 of 1st period - Shot Misses the Net.
15:25 of 1st period - Wrist shot by Nicklas Backstrom.
15:25 of 1st period - Shot Misses the Net.
15:43 of 1st period - Joel Farabee is hit by MacKenzie Weegar and loses puck.
16:04 of 1st period - Slapshot by Alex Newhook.
16:04 of 1st period - Shot Blocked by Kevin Fiala.
16:06 of 1st period - Slapshot by Simon Benoit.
16:06 of 1st period - Stopped by Juuse Saros without a rebound.
16:07 of 1st period - Marco Rossi wins face-off versus Leon Draisaitl in Flyers zone.
16:16 of 1st period - Wrist shot by Patrick Kane.
16:16 of 1st period - Deflect By Travis Konecny.
16:16 of 1st period - Shot Blocked by Paul Byron.
16:16 of 1st period - Puck is out of play.
16:17 of 1st period - Leon Draisaitl wins face-off versus Paul Stastny in Nordiques zone.
16:30 of 1st period - Backhand shot by Patrick Kane.
16:30 of 1st period - Stopped by Semyon Varlamov with a rebound.
16:32 of 1st period - Wrist shot by Travis Konecny.
16:32 of 1st period - Deflect By Patrick Kane.
16:32 of 1st period - Shot Hit the Post.
16:32 of 1st period - Puck is out of play.
16:33 of 1st period - Marco Rossi wins face-off versus Scott Laughton in Nordiques zone.
16:40 of 1st period - Slapshot by Alex Newhook.
16:40 of 1st period - Stopped by Juuse Saros with a rebound.
16:42 of 1st period - Wrist shot by Alex Newhook.
16:42 of 1st period - Stopped by Juuse Saros without a rebound.
16:43 of 1st period - Marco Rossi wins face-off versus Scott Laughton in Flyers zone.
16:44 of 1st period - Wrist shot by Alex Newhook.
16:44 of 1st period - Shot Misses the Net.
16:46 of 1st period - Wrist shot by Alex Newhook.
16:46 of 1st period - Stopped by Juuse Saros without a rebound.
16:47 of 1st period - Leon Draisaitl wins face-off versus Paul Stastny in Flyers zone.
16:54 of 1st period - Snap shot by Patrick Kane.
16:54 of 1st period - Stopped by Semyon Varlamov without a rebound.
16:55 of 1st period - Leon Draisaitl wins face-off versus Paul Stastny in Nordiques zone.
17:05 of 1st period - Minor Penalty to Shayne Gostisbehere for Holding.
17:06 of 1st period - Sebastian Aho wins face-off versus Leon Draisaitl in Nordiques zone.
17:34 of 1st period - Snap shot by Paul Byron.
17:34 of 1st period - Stopped by Juuse Saros without a rebound.
17:35 of 1st period - Logan Couture wins face-off versus Sebastian Aho in Flyers zone.
17:40 of 1st period - Off-side.
17:41 of 1st period - Alexander Wennberg wins face-off versus Leon Draisaitl in neutral zone.
17:58 of 1st period - Wrist shot by Paul Byron.
17:58 of 1st period - Shot Blocked by Brock Faber.
18:04 of 1st period - Marco Rossi is hit by Travis Konecny and loses puck.
18:35 of 1st period - Alexander Wennberg is hit by Travis Konecny and loses puck.
18:44 of 1st period - Wrist shot by Leon Draisaitl.
18:44 of 1st period - Stopped by Semyon Varlamov with a rebound.
18:46 of 1st period - Snap shot by Leon Draisaitl.
18:46 of 1st period - Deflect By Travis Konecny.
18:46 of 1st period - Shot Blocked by Travis Sanheim.
18:46 of 1st period - Puck is out of play.
18:47 of 1st period - Logan Couture wins face-off versus Sebastian Aho in Nordiques zone.
19:05 of 1st period - Penalty to Shayne Gostisbehere is over, Shayne Gostisbehere is back on ice.
19:27 of 1st period - Shayne Gostisbehere is hit by John-Jason Peterka and loses puck.
Goals for this period are 0 for Nordiques vs 1 for Flyers.
Shots for this period are 12 for Nordiques vs 21 for Flyers.

2nd period


0:01 of 2nd period - Leon Draisaitl wins face-off versus Marco Rossi in neutral zone.
0:09 of 2nd period - Leon Draisaitl is hit by Martin Fehervary and loses puck.
0:26 of 2nd period - Leon Draisaitl is hit by Pius Suter and loses puck.
0:31 of 2nd period - Slapshot by Shayne Gostisbehere.
0:31 of 2nd period - Shot Misses the Net.
0:37 of 2nd period - Patrick Kane is hit by Cole Smith and loses puck.
0:46 of 2nd period - Snap shot by Leon Draisaitl.
0:46 of 2nd period - Shot Blocked by Shayne Gostisbehere.
1:22 of 2nd period - Snap shot by Kirby Dach.
1:22 of 2nd period - Deflect By Alexander Wennberg.
1:22 of 2nd period - Stopped by Juuse Saros with a rebound.
1:24 of 2nd period - Snap shot by Kirby Dach.
1:24 of 2nd period - Shot Misses the Net.
1:26 of 2nd period - Slapshot by Mattias Ekholm.
1:26 of 2nd period - Stopped by Juuse Saros without a rebound.
1:27 of 2nd period - Marco Rossi wins face-off versus Logan Couture in Flyers zone.
1:32 of 2nd period - Slapshot by Alex Newhook.
1:32 of 2nd period - Shot Misses the Net.
2:14 of 2nd period - Slapshot by Kevin Fiala.
2:14 of 2nd period - Stopped by Semyon Varlamov without a rebound.
2:15 of 2nd period - Scott Laughton wins face-off versus Paul Stastny in Nordiques zone.
2:26 of 2nd period - Snap shot by Scott Laughton.
2:26 of 2nd period - Stopped by Semyon Varlamov without a rebound.
2:27 of 2nd period - Marco Rossi wins face-off versus Gabriel Vilardi in Nordiques zone.
3:01 of 2nd period - Wrist shot by Paul Stastny.
3:01 of 2nd period - Stopped by Juuse Saros with a rebound.
3:23 of 2nd period - Dylan Cozens is hit by Travis Sanheim and loses puck.
4:28 of 2nd period - Slapshot by Shayne Gostisbehere.
4:28 of 2nd period - Stopped by Juuse Saros without a rebound.
4:29 of 2nd period - Paul Stastny wins face-off versus Joey Anderson in Flyers zone.
4:50 of 2nd period - Slapshot by Shayne Gostisbehere.
4:50 of 2nd period - Shot Misses the Net.
4:52 of 2nd period - Slapshot by Paul Stastny.
4:52 of 2nd period - Stopped by Juuse Saros with a rebound.
4:54 of 2nd period - Snap shot by Shayne Gostisbehere.
4:54 of 2nd period - Deflect By Cole Smith.
4:54 of 2nd period - Shot Misses the Net.
4:54 of 2nd period - Puck is out of play.
4:55 of 2nd period - Logan Couture wins face-off versus Marco Rossi in Flyers zone.
5:06 of 2nd period - Simon Benoit is hit by MacKenzie Weegar and loses puck.
5:17 of 2nd period - MacKenzie Weegar is hit by Paul Byron.
5:33 of 2nd period - Snap shot by Kevin Fiala.
5:33 of 2nd period - Stopped by Semyon Varlamov without a rebound.
5:34 of 2nd period - Sebastian Aho wins face-off versus Scott Laughton in Nordiques zone.
5:36 of 2nd period - Minor Penalty to Kirby Dach for High sticking.
5:37 of 2nd period - Leon Draisaitl wins face-off versus Sebastian Aho in Nordiques zone.
6:04 of 2nd period - Icing by Logan Couture.
6:05 of 2nd period - Logan Couture wins face-off versus Marco Rossi in Flyers zone.
7:06 of 2nd period - Mattias Ekholm is hit by MacKenzie Weegar and loses puck.
7:36 of 2nd period - Penalty to Kirby Dach is over, Kirby Dach is back on ice.
7:42 of 2nd period - Icing by Gabriel Vilardi.
7:43 of 2nd period - Paul Stastny wins face-off versus Scott Laughton in Flyers zone.
7:48 of 2nd period - Snap shot by Paul Stastny.
7:48 of 2nd period - Shot Misses the Net.
7:59 of 2nd period - Icing by Brock Faber.
8:00 of 2nd period - Scott Laughton wins face-off versus Sebastian Aho in Flyers zone.
8:36 of 2nd period - Martin Fehervary is hit by Gabriel Vilardi and loses puck.
8:53 of 2nd period - Snap shot by Gabriel Vilardi.
8:53 of 2nd period - Shot Blocked by Shayne Gostisbehere.
9:01 of 2nd period - Snap shot by Lucas Raymond.
9:01 of 2nd period - Shot Misses the Net.
9:13 of 2nd period - Snap shot by Nicklas Backstrom.
9:13 of 2nd period - Shot Hit the Post.
9:15 of 2nd period - Snap shot by Lucas Raymond.
9:15 of 2nd period - Shot Blocked by Aaron Ekblad.
9:17 of 2nd period - Wrist shot by Lucas Raymond.
9:17 of 2nd period - Shot Misses the Net.
9:37 of 2nd period - Slapshot by Lucas Raymond.
9:37 of 2nd period - Shot Misses the Net.
9:59 of 2nd period - Scott Laughton is hit by Joel Farabee and loses puck.
10:08 of 2nd period - Snap shot by Nicklas Backstrom.
10:08 of 2nd period - Stopped by Juuse Saros with a rebound.
10:21 of 2nd period - Icing by Shayne Gostisbehere.
10:22 of 2nd period - Leon Draisaitl wins face-off versus Nicklas Backstrom in Nordiques zone.
10:23 of 2nd period - Wrist shot by Patrick Kane.
10:23 of 2nd period - Stopped by Semyon Varlamov with a rebound.
10:54 of 2nd period - Snap shot by Nicklas Backstrom.
10:54 of 2nd period - Stopped by Juuse Saros without a rebound.
10:55 of 2nd period - Logan Couture wins face-off versus Sebastian Aho in Flyers zone.
11:51 of 2nd period - Backhand shot by Wyatt Johnston.
11:51 of 2nd period - Shot Blocked by Ryan Lindgren.
11:53 of 2nd period - Slapshot by Noah Hanifin.
11:53 of 2nd period - Stopped by Semyon Varlamov with a rebound.
12:03 of 2nd period - Brock Faber is hit by Sebastian Aho and loses puck.
13:14 of 2nd period - Joey Anderson is hit by Pius Suter and loses puck.
13:41 of 2nd period - Paul Byron is hit by MacKenzie Weegar and loses puck.
16:38 of 2nd period - Joel Farabee is hit by Scott Laughton and loses puck.
16:49 of 2nd period - Martin Fehervary is hit by MacKenzie Weegar and loses puck.
16:54 of 2nd period - Snap shot by Joey Anderson.
16:54 of 2nd period - Goal by Joey Anderson - Nordiques : 0 - Flyers : 2.
16:55 of 2nd period - Leon Draisaitl wins face-off versus Alexander Wennberg in neutral zone.
17:00 of 2nd period - Alexander Wennberg is hit by Kaiden Guhle.
17:05 of 2nd period - Off-side.
17:06 of 2nd period - Leon Draisaitl wins face-off versus Sebastian Aho in neutral zone.
18:06 of 2nd period - Snap shot by Scott Laughton.
18:06 of 2nd period - Shot Misses the Net.
18:39 of 2nd period - Icing by Ryan Lindgren.
18:40 of 2nd period - Leon Draisaitl wins face-off versus Sebastian Aho in Nordiques zone.
18:43 of 2nd period - Slapshot by Patrick Kane.
18:43 of 2nd period - Shot Blocked by Sebastian Aho.
18:45 of 2nd period - Backhand shot by Patrick Kane.
18:45 of 2nd period - Shot Misses the Net.
18:47 of 2nd period - Snap shot by Leon Draisaitl.
18:47 of 2nd period - Stopped by Semyon Varlamov without a rebound.
18:48 of 2nd period - Patrick Kane wins face-off versus Marco Rossi in Nordiques zone.
18:51 of 2nd period - Wrist shot by Travis Konecny.
18:51 of 2nd period - Shot Misses the Net.
19:25 of 2nd period - Pius Suter is hit by John Marino and loses puck.
Goals for this period are 0 for Nordiques vs 1 for Flyers.
Shots for this period are 7 for Nordiques vs 7 for Flyers.

3rd period


0:01 of 3rd period - Marco Rossi wins face-off versus Leon Draisaitl in neutral zone.
0:04 of 3rd period - Snap shot by Marco Rossi.
0:04 of 3rd period - Shot Misses the Net.
0:06 of 3rd period - Snap shot by Alex Newhook.
0:06 of 3rd period - Shot Misses the Net.
0:10 of 3rd period - Wrist shot by Marco Rossi.
0:10 of 3rd period - Stopped by Juuse Saros without a rebound.
0:11 of 3rd period - Paul Stastny wins face-off versus Logan Couture in Flyers zone.
0:12 of 3rd period - Snap shot by Pius Suter.
0:12 of 3rd period - Shot Blocked by Logan Couture.
0:20 of 3rd period - Snap shot by Paul Stastny.
0:20 of 3rd period - Goal by Paul Stastny - Nordiques : 1 - Flyers : 2.
0:21 of 3rd period - Marco Rossi wins face-off versus Leon Draisaitl in neutral zone.
0:48 of 3rd period - Martin Fehervary is hit by Dylan Cozens.
1:36 of 3rd period - Wrist shot by Paul Stastny.
1:36 of 3rd period - Stopped by Juuse Saros with a rebound.
2:43 of 3rd period - Snap shot by John-Jason Peterka.
2:43 of 3rd period - Shot Misses the Net.
2:45 of 3rd period - Slapshot by Noah Hanifin.
2:45 of 3rd period - Deflect By Paul Stastny.
2:45 of 3rd period - Stopped by Semyon Varlamov with a rebound.
3:03 of 3rd period - Aaron Ekblad is hit by Paul Byron.
4:13 of 3rd period - Slapshot by Aaron Ekblad.
4:13 of 3rd period - Stopped by Semyon Varlamov with a rebound.
4:15 of 3rd period - Wrist shot by MacKenzie Weegar.
4:15 of 3rd period - Deflect By Cole Smith.
4:15 of 3rd period - Stopped by Semyon Varlamov without a rebound.
4:16 of 3rd period - Logan Couture wins face-off versus Sebastian Aho in Nordiques zone.
4:21 of 3rd period - Wrist shot by Kevin Fiala.
4:21 of 3rd period - Deflect By Dylan Cozens.
4:21 of 3rd period - Stopped by Semyon Varlamov without a rebound.
4:22 of 3rd period - Logan Couture wins face-off versus Sebastian Aho in Nordiques zone.
4:35 of 3rd period - Snap shot by Sebastian Aho.
4:35 of 3rd period - Shot Misses the Net.
4:37 of 3rd period - Slapshot by Shayne Gostisbehere.
4:37 of 3rd period - Shot Blocked by Brock Faber.
4:39 of 3rd period - Snap shot by Alexander Wennberg.
4:39 of 3rd period - Shot Misses the Net.
5:37 of 3rd period - Wrist shot by Calle Jarnkrok.
5:37 of 3rd period - Shot Misses the Net.
5:47 of 3rd period - Minor Penalty to Ryan Lindgren for Slashing.
5:48 of 3rd period - Leon Draisaitl wins face-off versus Paul Byron in Nordiques zone.
5:49 of 3rd period - Wrist shot by Travis Konecny.
5:49 of 3rd period - Deflect By Leon Draisaitl.
5:49 of 3rd period - Shot Misses the Net.
5:49 of 3rd period - Puck is out of play.
5:50 of 3rd period - Marco Rossi wins face-off versus Leon Draisaitl in Nordiques zone.
6:06 of 3rd period - Icing by Aaron Ekblad.
6:07 of 3rd period - Leon Draisaitl wins face-off versus Paul Byron in Flyers zone.
6:18 of 3rd period - Snap shot by Leon Draisaitl.
6:18 of 3rd period - Stopped by Semyon Varlamov with a rebound.
6:28 of 3rd period - Snap shot by Travis Konecny.
6:28 of 3rd period - Stopped by Semyon Varlamov with a rebound.
6:30 of 3rd period - Slapshot by MacKenzie Weegar.
6:30 of 3rd period - Shot Blocked by Shayne Gostisbehere.
6:32 of 3rd period - Slapshot by Aaron Ekblad.
6:32 of 3rd period - Stopped by Semyon Varlamov with a rebound.
6:42 of 3rd period - Backhand shot by Leon Draisaitl.
6:42 of 3rd period - Shot Misses the Net.
6:44 of 3rd period - Slapshot by Aaron Ekblad.
6:44 of 3rd period - Shot Misses the Net.
6:46 of 3rd period - Wrist shot by Leon Draisaitl.
6:46 of 3rd period - Shot Misses the Net.
7:47 of 3rd period - Penalty to Ryan Lindgren is over, Ryan Lindgren is back on ice.
8:11 of 3rd period - Slapshot by Martin Fehervary.
8:11 of 3rd period - Stopped by Juuse Saros with a rebound.
9:02 of 3rd period - Slapshot by Mattias Ekholm.
9:02 of 3rd period - Stopped by Juuse Saros without a rebound.
9:03 of 3rd period - Paul Stastny wins face-off versus Wyatt Johnston in Flyers zone.
9:28 of 3rd period - Slapshot by Nicklas Backstrom.
9:28 of 3rd period - Stopped by Juuse Saros without a rebound.
9:29 of 3rd period - Marco Rossi wins face-off versus Leon Draisaitl in Flyers zone.
9:55 of 3rd period - Shayne Gostisbehere is hit by Aaron Ekblad and loses puck.
10:02 of 3rd period - MacKenzie Weegar is hit by Alexander Wennberg and loses puck.
10:25 of 3rd period - Snap shot by Scott Laughton.
10:25 of 3rd period - Stopped by Semyon Varlamov with a rebound.
10:27 of 3rd period - Snap shot by Scott Laughton.
10:27 of 3rd period - Deflect By Paul Stastny.
10:27 of 3rd period - Shot Misses the Net.
10:27 of 3rd period - Puck is out of play.
10:28 of 3rd period - Paul Byron wins face-off versus Leon Draisaitl in Nordiques zone.
10:35 of 3rd period - Snap shot by Alex Newhook.
10:35 of 3rd period - Stopped by Juuse Saros without a rebound.
10:36 of 3rd period - Leon Draisaitl wins face-off versus Marco Rossi in Flyers zone.
12:09 of 3rd period - Snap shot by Paul Byron.
12:09 of 3rd period - Stopped by Juuse Saros with a rebound.
12:11 of 3rd period - Snap shot by Travis Sanheim.
12:11 of 3rd period - Stopped by Juuse Saros without a rebound.
12:12 of 3rd period - Sebastian Aho wins face-off versus Logan Couture in Flyers zone.
12:17 of 3rd period - Snap shot by Sebastian Aho.
12:17 of 3rd period - Shot Blocked by Aaron Ekblad.
12:19 of 3rd period - Snap shot by Alexander Wennberg.
12:19 of 3rd period - Shot Blocked by MacKenzie Weegar.
12:21 of 3rd period - Slapshot by Simon Benoit.
12:21 of 3rd period - Shot Misses the Net.
12:23 of 3rd period - Snap shot by Sebastian Aho.
12:23 of 3rd period - Stopped by Juuse Saros with a rebound.
12:48 of 3rd period - Slapshot by Simon Benoit.
12:48 of 3rd period - Shot Blocked by Calle Jarnkrok.
13:06 of 3rd period - Slapshot by Aaron Ekblad.
13:06 of 3rd period - Shot Blocked by Nicklas Backstrom.
13:18 of 3rd period - Mattias Ekholm is hit by Logan Couture.
13:22 of 3rd period - Wrist shot by Kevin Fiala.
13:22 of 3rd period - Shot Misses the Net.
13:24 of 3rd period - Snap shot by Kevin Fiala.
13:24 of 3rd period - Shot Misses the Net.
13:26 of 3rd period - Wrist shot by Kevin Fiala.
13:26 of 3rd period - Shot Blocked by Kirby Dach.
13:36 of 3rd period - Shayne Gostisbehere is hit by Scott Laughton and loses puck.
13:53 of 3rd period - Nicklas Backstrom is hit by Logan Couture and loses puck.
14:04 of 3rd period - Wyatt Johnston is hit by Simon Benoit and loses puck.
14:41 of 3rd period - Alexander Wennberg is hit by Noah Hanifin and loses puck.
15:43 of 3rd period - Backhand shot by Aaron Ekblad.
15:43 of 3rd period - Shot Misses the Net.
15:45 of 3rd period - Snap shot by Scott Laughton.
15:45 of 3rd period - Stopped by Semyon Varlamov without a rebound.
15:46 of 3rd period - Scott Laughton wins face-off versus Paul Stastny in Nordiques zone.
16:20 of 3rd period - Snap shot by Marco Rossi.
16:20 of 3rd period - Stopped by Juuse Saros without a rebound.
16:21 of 3rd period - Calle Jarnkrok wins face-off versus Sebastian Aho in Flyers zone.
17:01 of 3rd period - Travis Sanheim is hit by Brock Faber and loses puck.
17:40 of 3rd period - Wrist shot by Nicklas Backstrom.
17:40 of 3rd period - Shot Blocked by MacKenzie Weegar.
17:42 of 3rd period - Snap shot by Nicklas Backstrom.
17:42 of 3rd period - Shot Misses the Net.
17:44 of 3rd period - Slapshot by Travis Sanheim.
17:44 of 3rd period - Stopped by Juuse Saros without a rebound.
17:45 of 3rd period - Paul Stastny wins face-off versus Scott Laughton in Flyers zone.
18:02 of 3rd period - Cole Smith is hit by Aaron Ekblad and loses puck.
18:19 of 3rd period - Snap shot by Leon Draisaitl.
18:19 of 3rd period - Stopped by Semyon Varlamov with a rebound.
18:21 of 3rd period - Slapshot by Aaron Ekblad.
18:21 of 3rd period - Shot Blocked by Simon Benoit.
18:23 of 3rd period - Wrist shot by Patrick Kane.
18:23 of 3rd period - Shot Misses the Net.
18:32 of 3rd period - Off-side.
18:33 of 3rd period - Sebastian Aho wins face-off versus Wyatt Johnston in neutral zone.
19:05 of 3rd period - Brock Faber is hit by Shayne Gostisbehere and loses puck.
19:08 of 3rd period - Nordiques, Semyon Varlamov is pulled from the net.
19:20 of 3rd period - Wrist shot by Kirby Dach.
19:20 of 3rd period - Stopped by Juuse Saros with a rebound.
19:22 of 3rd period - Snap shot by Kirby Dach.
19:22 of 3rd period - Stopped by Juuse Saros without a rebound.
19:23 of 3rd period - Barry Trotz call a timeout for Nordiques.
19:23 of 3rd period - Sebastian Aho wins face-off versus Leon Draisaitl in Flyers zone.
19:24 of 3rd period - Snap shot by Kirby Dach.
19:24 of 3rd period - Stopped by Juuse Saros without a rebound.
19:25 of 3rd period - Sebastian Aho wins face-off versus Leon Draisaitl in Flyers zone.
19:42 of 3rd period - Snap shot by Kirby Dach.
19:42 of 3rd period - Stopped by Juuse Saros with a rebound.
19:51 of 3rd period - Snap shot by Sebastian Aho.
19:51 of 3rd period - Shot Blocked by Travis Konecny.
Goals for this period are 1 for Nordiques vs 0 for Flyers.
Shots for this period are 16 for Nordiques vs 10 for Flyers.




Output by the SimonT Hockey Simulator (STHS) for Eric Tremblay - Original Page W3C HTML5 Valid
Hockey Simulator - Hockey Simulation - Hockey Manager